AoeStats
← 一剑扫秋风nelson

Black Forest

508850993Analyzed
4v4 RM · 7d ago on Sep 24, 2026· 39m 24s· 8 players
Game mode
Random Map
Map size
Large (8 player)
Population
200
Speed
Normal
Resources
Standard
Victory
Conquest
Starting age
Dark Age
Ending age
Imperial Age
RankedLock teamsTeams togetherTeam positionsShared explorationLock speedFull tech treeHidden civsTurbo modeCheats
Victory
Defeat
🇳🇱 Magyars · Netherlands
1825
+14
🇳🇱 Dravidians · Netherlands
1789
+15
🇬🇧 Chinese · United Kingdom
1783
+16
🇹🇷 Britons · Türkiye
1680
+20
1960
-23
1890
-21
🇨🇳 Slavs · China
1640
-11
🇩🇪 Muisca · Germany
1607
-10
Ainz_Own_Goal
2:52 Loom
9:43 Feudal Age
18:47 Castle Age
18:10 Double-Bit Axe
19:04 Wheelbarrow
18:31 Gold Mining
18:37 Gold Mining
20:52 Fletching
21:48 Bodkin Arrow
23:35 Bow Saw
23:39 Horse Collar
27:21 Ballistics
32:08 Imperial Age
30:35 Heavy Plow
31:22 Hand Cart
33:03 Bracer
34:18 Chemistry
34:17 Padded Archer Armor
36:30 Fortified Wall
RoR | AngelinaJolie
10:05 Feudal Age
13:43 Castle Age
11:50 Double-Bit Axe
12:23 Horse Collar
15:12 Bow Saw
21:19 Wheelbarrow
22:45 Gold Mining
23:49 Stone Mining
27:01 Imperial Age
24:43 Loom
25:21 Scale Barding Armor
26:31 Chain Barding Armor
26:28 Hand Cart
26:02 Town Watch
27:02 Heavy Plow
27:48 Corvinian Army
28:09 Conscription
28:30 Plate Barding Armor
29:32 Elite Magyar Huszar
30:56 Bloodlines
30:46 Husbandry
31:23 Conscription
35:22 Two-Man Saw
PraYs
10:05 Feudal Age
13:52 Castle Age
11:39 Double-Bit Axe
12:13 Horse Collar
14:53 Bow Saw
14:45 Heavy Plow
21:32 Wheelbarrow
22:57 Hand Cart
22:43 Gold Mining
23:09 Stone Mining
27:30 Imperial Age
24:47 Loom
24:48 Town Watch
25:06 Padded Archer Armor
25:47 Fletching
26:15 Leather Archer Armor
26:24 Ballistics
26:58 Thumb Ring
26:49 Bodkin Arrow
27:33 Elite Elephant Archer
29:20 Chemistry
28:21 Bracer
29:45 Ring Archer Armor
30:31 Conscription
30:17 Medical Corps
30:28 Devotion
31:14 Masonry
32:18 Hoardings
31:41 Murder Holes
35:02 Two-Man Saw
35:19 Husbandry
35:15 Siege Elephant
Torpedo
0:26 Loom
11:10 Feudal Age
13:39 Fletching
13:36 Double-Bit Axe
19:38 Castle Age
18:22 Horse Collar
18:32 Gold Mining
18:32 Stone Mining
20:44 Bow Saw
20:43 Bodkin Arrow
21:19 Bow Saw
22:13 Wheelbarrow
22:37 Town Watch
24:03 Scale Barding Armor
24:01 Husbandry
24:02 Heavy Plow
25:33 Forging
27:39 Bloodlines
28:05 Chain Barding Armor
31:49 Hand Cart
33:34 Masonry
33:46 Ballistics
33:26 Murder Holes
37:54 Imperial Age
35:49 Scale Mail Armor
36:20 Fortified Wall
36:48 Chain Mail Armor
37:14 Squires
36:34 Pikeman
38:55 Conscription
39:07 Plate Mail Armor
37:58 Halberdier
39:16 Iron Casting
Eiseob
10:53 Feudal Age
14:55 Castle Age
13:23 Horse Collar
13:32 Double-Bit Axe
17:03 Bow Saw
21:24 Wheelbarrow
22:29 Loom
27:46 Imperial Age
25:32 Hand Cart
25:39 Heavy Plow
25:32 Stone Mining
25:35 Gold Mining
27:08 Ballistics
27:00 Masonry
26:33 Treadmill Crane
27:51 Gold Shaft Mining
27:55 Stone Shaft Mining
28:35 Forging
28:26 Scale Mail Armor
27:49 Elite Temple Guard
29:06 Squires
29:52 Champi Runner
31:32 Conscription
30:57 Champi Warrior
32:20 Coinage
32:26 Chain Mail Armor
33:11 Elite Champi Warrior
35:31 Murder Holes
36:32 Plate Mail Armor
36:37 Iron Casting
37:52 Elite Guecha Warrior
39:09 Hoardings
CNZS_骑士老爷_帝国时代2
7:59 Feudal Age
8:31 Double-Bit Axe
10:01 Horse Collar
17:44 Castle Age
17:49 Wheelbarrow
18:51 Bow Saw
18:43 Heavy Plow
21:27 Hand Cart
24:27 Loom
24:28 Town Watch
27:07 Bow Saw
26:52 Gold Mining
30:24 Imperial Age
28:15 Scale Mail Armor
28:25 Forging
29:17 Bloodlines
29:07 Husbandry
29:19 Scale Barding Armor
30:35 Iron Casting
30:16 Chain Mail Armor
29:23 Man-at-Arms
29:49 Gambesons
29:49 Arson
30:04 Squires
29:25 Pikeman
29:31 Pikeman
30:26 Cavalier
31:28 Chain Barding Armor
30:43 Capped Ram
32:52 Plate Barding Armor
33:17 Blast Furnace
31:58 Siege Ram
34:11 Long Swordsman
34:50 Light Cavalry
一剑扫秋风nelson
7:41 Loom
9:55 Feudal Age
10:11 Man-at-Arms
10:37 Arson
10:39 Double-Bit Axe
16:42 Fletching
17:35 Horse Collar
20:24 Town Watch
23:12 Castle Age
22:23 Gold Mining
22:24 Stone Mining
29:50 Imperial Age
28:01 Heavy Plow
28:17 Bow Saw
29:55 Bodkin Arrow
枕上鸳鸯睡红莲
0:49 Loom
9:41 Feudal Age
14:46 Castle Age
13:24 Double-Bit Axe
13:34 Horse Collar
16:10 Bow Saw
17:24 Heavy Plow
20:39 Wheelbarrow
22:03 Gold Mining
23:13 Hand Cart
27:48 Imperial Age
26:55 Scale Mail Armor
27:06 Forging
27:19 Ballistics
27:41 Gold Shaft Mining
28:50 Siege Engineers
29:11 Conscription
30:05 Two-Man Saw
29:21 Heavy Scorpion
29:24 Pikeman
30:05 Squires
30:34 Conscription
30:37 Onager
32:25 Halberdier
33:55 Siege Onager
37:18 Chain Mail Armor
Connection lost

Rejoining the realm…

Still unreachable

The connection could not be restored.

Session expired

The server has moved on; the page needs a fresh start.